 Dungeon Crawl Stone Soup version 0.31-a0-848-gaac375c287 (webtiles) character file.

Game seed: 11342874619553531793

162 IdlyInterested the Trooper (level 5, -2/42 HPs)
             Began as a Demonspawn Wanderer on Oct 4, 2023.
             Slain by croobank's ghost (11 damage)
             ... on level 3 of the Dungeon.
             The game lasted 00:10:03 (3651 turns).

IdlyInterested the Trooper (Demonspawn Wanderer)    Turns: 3651, Time: 00:10:04

Health: -2/42      AC: 11    Str: 12    XL:     5   Next: 19%
Magic:  6/6        EV:  9    Int: 14    God:
Gold:   132        SH:  0    Dex: 14    Spells: 5/6 levels left

rFire   . . .        k - +0 rapier
rCold   . . .        (no shield)
rNeg    . . .        w - +0 scale mail
rPois   .            d - +0 helmet
rElec   .            (no cloak)
rCorr   .            (no gloves)
SInv    +            (no boots)
Will    .....        (no amulet)
Stlth   +            o - +4 ring of protection
HPRegen 0.27/turn    x - ring of see invisible
MPRegen 0.10/turn

%: no passive effects
@: no status effects
A: weakness stinger 1
a: no special abilities


You were on level 3 of the Dungeon.
You visited 1 branch of the dungeon, and saw 4 of its levels.

You collected 132 gold pieces.

Inventory:

Hand Weapons
 k - a +0 rapier (weapon)
Missiles
 f - 5 poisoned darts
 h - 18 stones (quivered)
Armour
 d - a +0 helmet (worn)
 i - a +0 chain mail
 p - a +0 robe
 s - a +0 ring mail
 w - a +0 scale mail (worn)
Jewellery
 o - a +4 ring of protection (left hand)
 q - a ring of magical power
 x - a ring of see invisible (right hand)
Scrolls
 a - a scroll of poison
 c - a scroll of blinking {unknown}
 j - a scroll of amnesia {unknown}
 l - a scroll of fear
 t - a scroll of revelation
 v - a scroll of silence
Potions
 b - 2 potions of attraction
 e - a potion of invisibility {unknown}
 g - a potion of haste {unknown}
 m - a potion of ambrosia {unknown}
 n - a potion of might {unknown}


   Skills:
 + Level 4.2 Fighting
 - Level 1.0 Throwing
 - Level 1.0 Armour
 - Level 1.0 Dodging
 - Level 2.0 Stealth
 - Level 1.0 Spellcasting
 - Level 2.0 Translocations
 - Level 2.0 Poison Magic
 - Level 2.0 Invocations
 * Level 0.4 Evocations


You had 5 spell levels left.
You knew the following spells:

 Your Spells              Type           Power      Damage    Failure   Level
a - Apportation           Tloc           12%        N/A       52%         1

Your spell library contained the following spells:

 Spells                   Type           Power      Damage    Failure   Level
 Poisonous Vapours        Pois/Air       6%         N/A       80%         2
 Cigotuvi's Dreadful Rot  Necr/Pois/Air  4%         N/A       86%         2
 Ignite Poison            Fire/Tmut/Pois 2%         N/A       97%         3
 Dimensional Bullseye     Hex/Tloc       1%         N/A       100%        4
 Vhi's Electric Charge    Tloc/Air       6%         N/A       100%        4
 Freezing Cloud           Conj/Ice/Air   0%         6-21      100%        5


Dungeon Overview and Level Annotations

Branches:
Dungeon (4/15)
 Temple: D:4-7

Altars:
Makhleb

Annotations:
D:3 1 transporter, croobank's ghost, weakling GnDe


Innate Abilities, Weirdness & Mutations

You have a small tail.


Message History

The slug dart hits you but does no damage.
You hit the frilled lizard.
You kill the frilled lizard!
You hit croobank's ghost.
Croobank's ghost is lightly damaged.
Croobank's ghost hits you!
You closely miss croobank's ghost.
Croobank's ghost is lightly damaged.
Croobank's ghost hits you! Croobank's ghost hits you.
You hit croobank's ghost but do no damage.
Croobank's ghost is lightly damaged.
Croobank's ghost hits you.
You feel better. Croobank's ghost misses you.
You miss croobank's ghost. You tail-slap croobank's ghost.
Croobank's ghost is lightly damaged.
Croobank's ghost barely misses you.
You closely miss croobank's ghost.
Your tail-slap misses croobank's ghost.
Croobank's ghost is lightly damaged.
Croobank's ghost hits you.
You hit croobank's ghost.
Croobank's ghost is moderately damaged.
Croobank's ghost misses you.
You hit croobank's ghost but do no damage.
Your tail-slap misses croobank's ghost.
Croobank's ghost is moderately damaged.
Croobank's ghost barely misses you. Croobank's ghost closely misses you.
You barely miss croobank's ghost.
Croobank's ghost is moderately damaged.
Croobank's ghost closely misses you.
You hit croobank's ghost.
Croobank's ghost is moderately damaged.
Croobank's ghost hits you.
You hit croobank's ghost.
Croobank's ghost is heavily damaged.
Croobank's ghost hits you!
* * * LOW HITPOINT WARNING * * *
You completely miss croobank's ghost.
Your tail-slap misses croobank's ghost.
Croobank's ghost is heavily damaged.
Croobank's ghost hits you!
You die...

)# #...#########....# )#
#..##.......##...# .#
#..#8..#.#..8#...#
.######..#..#...#..#...#
.#.......#........$#...#
##.###..©#....©...=#©..#
#.#.....#.=......$#..##
##.#.##..#..#..W#..#..#
..##.....#8..#.#@.8#..#
≈.##.##..##......©##..#
≈.##.##...#########...#
≈.##.##...............#
≈.##†###.............##
≈.##.# ###############
≈.##.# ≈.#..# ..#.##


You could see croobank's ghost.

Vanquished Creatures
  An orc wizard (D:3)
  2 adders
  4 gnolls (D:2)
  2 worms
  2 dart slugs
  8 orcs
  4 endoplasms
  2 giant cockroaches (D:1)
  6 goblins
  4 hobgoblins
  3 quokkas
  6 ball pythons
  5 bats
  2 frilled lizards
  6 kobolds
  9 rats
66 creatures vanquished.

Notes
Turn   | Place    | Note
-------+----------+-------------------------------------------
     0 | D:1      | IdlyInterested the Demonspawn Wanderer began the quest for
                  | the Orb.
     0 | D:1      | IdlyInterested set off with the following items: a +0 club,
                  | a potion of attraction, a +0 robe, a +0 helmet; and the
                  | following spell memorised: Apportation; and the following
                  | spells available to memorise: Poisonous Vapours, Cigotuvi's
                  | Dreadful Rot, Dimensional Bullseye, Vhi's Electric Charge.
     0 | D:1      | Reached XP level 1. HP: 15/15 MP: 2/2
   242 | D:1      | Gained mutation: You have a small tail. [demonic ancestry]
   242 | D:1      | Reached XP level 2. HP: 20/22 MP: 3/3
   312 | D:1      | Reached skill level 2 in Fighting
   912 | D:2      | Reached XP level 3. HP: 24/28 MP: 4/4
  1397 | D:2      | Reached skill level 3 in Fighting
  1553 | D:2      | Reached skill level 1 in Throwing
  1553 | D:2      | Reached XP level 4. HP: 16/35 MP: 5/5
  2079 | D:2      | Reached skill level 1 in Armour
  2720 | D:3      | Found a burning altar of Makhleb.
  2725 | D:3      | You fall into a shaft and drop 1 floor!
  2874 | D:3      | Noticed croobank's ghost (weakling GnDe)
  2877 | D:3      | Found a transporter.
  2881 | D:3      | Found a transporter.
  3020 | D:3      | Reached skill level 4 in Fighting
  3020 | D:3      | Reached XP level 5. HP: 25/42 MP: 6/6
  3377 | D:3      | Found a faded altar of an unknown god.
  3651 | D:3      | Slain by croobank's ghost

Illustrated notes

Levels and vault maps discovered:
D:1:      heliophobic_arrival_ceremonial_halls, layout_loops_ring,
          solitary_fountain, item_on_display_a
D:2:      layout_basic
D:3:      layout_basic, mainiacjoe_overflow_paths, gammafunk_ghost_arena,
          dreamdust_ecumenical_altar_grove
D:4:      layout_loops_ring, serial_shops, shop, minmay_goblin_kobold_house

Skill      XL: |  1  2  3  4 |
---------------+-------------+-----
Stealth        | 2 |  2.0
Fighting       | 2 3 4 |  4.2
Translocations | 2 |  2.0
Invocations    | 2 |  2.0
Throwing       | 1 |  1.0
Armour         | 1 |  1.0
Dodging        | |  1.0
Spellcasting   | |  1.0
Poison Magic   | |  2.0
Evocations     | |  0.4

Action                     |  1- 3 |  4- 6 || total
---------------------------+-------+-------++-------
  Melee: Dagger            |    32 |       ||    32
         Club              |     6 |       ||     6
         Short sword       |   128 |    20 ||   148
         Tailslap          |    18 |    17 ||    35
         Rapier            |       |    91 ||    91
         Punch             |       |     3 ||     3
  Throw: Stone             |     1 |     5 ||     6
         Dart              |       |     3 ||     3
    Use: Potion            |     1 |     2 ||     3
         Scroll            |       |     4 ||     4
   Stab: Sleeping          |     5 |     1 ||     6
 Armour: Robe              |    91 |    31 ||   122
         Scale mail        |       |    38 ||    38
  Dodge: Dodged            |   102 |    51 ||   153

Table legend: (Time is in decaauts)
 A = Elapsed time spent in this place.
 B = Non-inter-level travel time spent in this place.
 C = Inter-level travel time spent in this place.
 D = Time resting spent in this place.
 E = Time spent auto-exploring this place.
 F = Levels seen in this place.
 G = Mean time per level.
                   A        B        C        D        E       F      G
               +--------+--------+--------+--------+--------+-----+--------+
         Total |   3669 |   3296 |    373 |    526 |   1836 |   4 |  917.2 |
       Dungeon |   3669 |   3296 |    373 |    526 |   1836 |   4 |  917.2 |
               +--------+--------+--------+--------+--------+-----+--------+

Top non-repeatable levels by time:
     D:2: 1635 daAuts
     D:3: 1046 daAuts
     D:1: 909 daAuts
     D:4: 78 daAuts
